 Dungeon Crawl Stone Soup version 0.27.1-3-gb3d3a73c9e (webtiles) character file.

Game seed: 13349580780240874213

1411 NiS the Transmogrifier (level 8, -2/32 HPs)
             Began as a Felid Transmuter on Oct 12, 2021.
             Was an Initiate of Sif Muna.
             Slain by a killer bee (5 damage)
             ... on level 9 of the Dungeon.
             The game lasted 01:45:14 (12986 turns).

NiS the Transmogrifier (Felid Transmuter)          Turns: 12986, Time: 01:45:16

Health: -2/32      AC:  2    Str:  6    XL:     8   Next: 43%
Magic:  19/19      EV: 23    Int: 17    God:    Sif Muna [......]
Gold:   221        SH:  0    Dex: 17    Spells: 10/20 levels left
                                        Lives:  0   Deaths: 2

rFire    . . .     SeeInvis +     - Unarmed
rCold    . . .     Faith    .   (shield unavailable)
rNeg     . . .     Spirit   .   (armour unavailable)
rPois    .         Reflect  .   (helmet unavailable)
rElec    .         Harm     .   (cloak unavailable)
rCorr    .         Rampage  .   (gloves unavailable)
Will     +....                  (boots unavailable)
Stlth    ++........             f - amulet of regeneration
HPRegen  1.10/turn              w - ring of wizardry
MPRegen  0.16/turn              (no ring)

@: lethally poisoned (-2 -> -10), quick
A: very small, claws 1, fangs 3, see invisible, speed 1, shaggy fur 2, stealthy
paws, no weapons or thrown items, no armour, multi-lived
a: Renounce Religion


You were on level 9 of the Dungeon.
You worshipped Sif Muna.
Sif Muna was noncommittal.
You visited 2 branches of the dungeon, and saw 10 of its levels.

You collected 581 gold pieces.
You spent 360 gold pieces at shops.

Inventory:

Jewellery
 d - a ring of fire
 f - an amulet of regeneration (around neck)
 w - a ring of wizardry (left paw)
Wands
 s - a wand of digging (5)
 v - a wand of paralysis (12)
Scrolls
 a - a scroll of immolation {unknown}
 e - 4 scrolls of magic mapping
 i - 5 scrolls of amnesia {unknown}
 j - a scroll of acquirement {unknown}
 k - 3 scrolls of teleportation {unknown}
 m - a scroll of holy word {unknown}
 q - 2 scrolls of noise {unknown}
 r - 6 scrolls of identify {unknown}
Potions
 b - 3 potions of curing
 c - a potion of haste {unknown}
 g - a potion of experience {unknown}
 h - 3 potions of degeneration {unknown}
 l - a potion of lignification {unknown}
 n - a potion of attraction {unknown}
 o - 2 potions of might {unknown}
 p - 3 potions of brilliance {unknown}
 t - 2 potions of invisibility {unknown}
 u - a potion of cancellation {unknown}


   Skills:
 - Level 1.0 Fighting
 + Level 9.1 Dodging
 - Level 3.2 Stealth
 - Level 3.0 Unarmed Combat
 + Level 6.8 Spellcasting
 * Level 11.1 Transmutations


You had 10 spell levels left.
You knew the following spells:

 Your Spells              Type           Power      Damage    Failure   Level
a - Beastly Appendage     Tmut           86%        N/A       1%          1
b - Wereblood             Tmut           43%        N/A       1%          2
c - Spider Form           Tmut/Pois      12%        N/A       1%          3
d - Ice Form              Ice/Tmut       24%        N/A       4%          4

Your spell library contained the following spells:

 Spells                   Type           Power      Damage    Failure   Level
 Shock                    Conj/Air       20%        1d4       4%          1
 Static Discharge         Conj/Air       5%         N/A       8%          2
 Gell's Gravitas          Tloc           2%         N/A       14%         3
 Lesser Beckoning         Tloc           2%         N/A       14%         3
 Swiftness                Air            5%         N/A       14%         3
 Teleport Other           Tloc           5%         N/A       14%         3
 Airstrike                Air            2%         N/A       41%         4
 Dispel Undead            Necr           5%         3d7       41%         4
 Sticky Flame             Conj/Fire      5%         2d3       41%         4


Dungeon Overview and Level Annotations

Branches:
Dungeon (9/15)             Temple (1/1) D:7
   Lair: D:8-11         Orc: D:9-12

Altars:
Ashenzari
Cheibriados
Dithmenos
Elyvilon
Fedhas
Gozag
Hepliaklqana
Kikubaaqudgha
Makhleb
Nemelex Xobeh
Okawaru
Qazlal
Ru
Sif Muna
Trog
Uskayaw
Vehumet
Wu Jian
Yredelemnul
Zin
The Shining One

Shops:
D:8 =

Annotations:
D:5 1 runed translucent door, insectpublic's ghost, novice DDFi
D:6 Eustachio


Innate Abilities, Weirdness & Mutations

You have sharp claws.
You have razor-sharp teeth.
You have supernaturally acute eyesight. (SInv)
You cover ground quickly. (Speed+)
You are covered in thick fur. (AC +2)
Your paws help you pounce on unaware monsters.
You are incapable of wielding weapons or throwing items.
You cannot wear armour.
You gain extra lives every three experience levels.


Message History

The wyvern zombie is almost destroyed.
The wyvern zombie misses you.
You scratch the wyvern zombie but do no damage.
The wyvern zombie is almost destroyed.
The wyvern zombie misses you.
You scratch the wyvern zombie.
The wyvern zombie is almost destroyed.
The wyvern zombie bites you.
* * * LOW HITPOINT WARNING * * *
You scratch the wyvern zombie.
The wyvern zombie is almost destroyed.
The wyvern zombie misses you.
You scratch the wyvern zombie.
You destroy the wyvern zombie!
Sif Muna accepts your kill.
Found 16 gold pieces.
Found a stone staircase leading up.
Found 11 gold pieces.
You now have 221 gold pieces (gained 16).
A killer bee comes into view.
A killer bee comes into view.
A killer bee comes into view.
Found a long sword.
A killer bee comes into view.
The killer bee misses you. The killer bee stings you!
The killer bee misses you.
The killer bee buzzes angrily.
The killer bee misses you. The killer bee closely misses you.
The killer bee completely misses you. The killer bee misses you.
The killer bee closely misses you. The killer bee misses you.
The killer bee stings you!
You are poisoned.
The killer bee poisons you! The killer bee closely misses you.
The killer bee stings you. The killer bee completely misses you.
You feel very sick.
The killer bee buzzes angrily.
The killer bee misses you. The killer bee stings you!
* * * LOW HITPOINT WARNING * * *
You are lethally poisoned!
The killer bee poisons you! The killer bee stings you.
You die...

..............# #######
........................
........................
.......y................
........................
........................
......y............>....
.)....y@................
......y.................
........................
........$.........######
..................#
..................#
..............<...#
..................#
..................


You could see 4 killer bees.

Vanquished Creatures
  Psyche (D:8)
  Grinder (D:5)
  Prince Ribbit (D:5)
  4 yaks (D:3)
  2 water moccasins
  An orc warrior (D:7)
  A sky beast (D:7)
  2 necrophages
  A centaur (D:7)
  3 ogres
  A kobold brigand (D:7)
  2 wyvern zombies
  3 scorpions (D:5)
  A bullfrog (D:7)
  A wyvern skeleton (D:7)
  3 killer bees (D:8)
  A howler monkey (D:3)
  3 centaur zombies
  4 orc priests
  A jelly (D:4)
  A gnoll shaman (D:5)
  5 iguanas
  5 orc wizards
  2 howler monkey zombies (D:8)
  8 gnolls
  3 howler monkey skeletons
  6 adders
  2 shadow imps
  2 ufetubi
  An adder skeleton (D:4)
  2 worms
  4 dart slugs
  23 orcs
  3 ball pythons
  6 bats
  4 endoplasms
  3 giant cockroaches
  14 goblins
  19 hobgoblins
  5 frilled lizards
  13 kobolds
  6 rats
174 creatures vanquished.

Vanquished Creatures (others)
  8 plants
8 creatures vanquished.

Grand Total: 182 creatures vanquished

Notes
Turn   | Place    | Note
-------+----------+-------------------------------------------
     0 | D:1      | NiS the Felid Transmuter began the quest for the Orb.
     0 | D:1      | Reached XP level 1. HP: 9/9 MP: 4/4
   362 | D:1      | Reached XP level 2. HP: 8/12 MP: 4/6
   441 | D:1      | Learned a level 2 spell: Wereblood
   945 | D:1      | Reached skill level 3 in Transmutations
  1506 | D:2      | Reached XP level 3. HP: 11/15 MP: 5/7
  1819 | D:2      | Reached skill level 1 in Stealth
  2036 | D:2      | Learned a level 3 spell: Spider Form
  2442 | D:3      | Noticed an ogre
  2695 | D:3      | Reached XP level 4. HP: 19/19 MP: 8/8
  2852 | D:4      | Noticed a phantom
  3026 | D:4      | Reached skill level 4 in Transmutations
  3855 | D:3      | Reached XP level 5. HP: 20/22 MP: 10/10
  4718 | D:3      | Learned a level 4 spell: Ice Form
  4845 | D:5      | Entered Level 5 of the Dungeon
  4862 | D:5      | Reached skill level 5 in Transmutations
  4883 | D:5      | Found a runed translucent door.
  4883 | D:5      | Noticed insectpublic's ghost (novice DDFi)
  4884 | D:5      | Noticed Grinder
  4939 | D:4      | Noticed a yak
  4940 | D:4      | Noticed a yak
  4942 | D:4      | Noticed a yak
  4945 | D:4      | Noticed a yak
  5469 | D:5      | Noticed Prince Ribbit
  5772 | D:5      | Gained mutation: You are covered in thick fur. (AC +2)
                  | [Felid growth]
  5772 | D:5      | Reached XP level 6. HP: 25/25 MP: 11/11
  6280 | D:4      | Noticed a water moccasin
  6458 | D:5      | Reached skill level 6 in Transmutations
  6583 | D:5      | Paralysed by Grinder for 7 turns
  7018 | D:4      | Reached XP level 7. HP: 19/28 MP: 11/13
  7293 | D:5      | Paralysed by Grinder for 4 turns
  7315 | D:6      | Noticed Eustachio
  8019 | D:5      | Reached skill level 5 in Dodging
  8244 | D:6      | Reached skill level 7 in Transmutations
  8624 | D:3      | Killed a yak
  8625 | D:3      | Reached XP level 8. HP: 23/32 MP: 14/16
  8749 | D:3      | Reached skill level 8 in Transmutations
  8875 | D:3      | Reached skill level 5 in Spellcasting
  9302 | D:4      | Reached skill level 9 in Transmutations
  9367 | D:5      | Paralysed by Grinder for 3 turns
  9370 | D:5      | Killed Grinder
 10291 | D:5      | Killed from afar by an orc priest
 10292 | D:5      | Reached XP level 7. HP: -1/28 MP: 16/16
 10331 | D:5      | Reached XP level 8. HP: 32/32 MP: 17/17
 10610 | D:5      | Killed Prince Ribbit
 11155 | D:7      | HP: 1/32 [shadow imp (4)]
 11612 | D:7      | Found a flagged portal.
 11680 | D:7      | Reached skill level 10 in Transmutations
 11851 | D:7      | Found a staircase to the Ecumenical Temple.
 11951 | Temple   | Entered the Ecumenical Temple
 12059 | Temple   | Became a worshipper of Sif Muna the Loreminder
 12162 | D:7      | Identified the +1 leather armour of the Six Artists {rCorr
                  | Dex+4}
 12439 | D:8      | Reached XP level 9. HP: 35/35 MP: 19/19
 12507 | D:8      | Found Taig's Jewellery Boutique.
 12512 | D:8      | Bought a ring of wizardry for 360 gold pieces
 12819 | D:8      | Noticed Psyche
 12845 | D:8      | Killed Psyche
 12846 | D:8      | Reached skill level 11 in Transmutations
 12920 | D:8      | Paralysed by a hornet for 3 turns
 12923 | D:8      | Mangled by a hornet
 12924 | D:8      | Reached XP level 8. HP: -10/38 MP: 13/19
 12986 | D:9      | Slain by a killer bee

Illustrated notes

Levels and vault maps discovered:
D:1:      psy_arrival_spokes, layout_basic, grunt_decor_junction
D:2:      layout_loops_ring
D:3:      layout_loops_corners, serial_bayou_pond_a, minmay_increasing_density
D:4:      layout_gridville, supply_closet_lemuel, kennysheep_generic_room_9
D:5:      layout_basic, hellmonk_ghost_happy_afterlife, uniq_grinder,
          uniq_prince_ribbit1
D:6:      layout_cave_pools, kennysheep_donut, uniq_eustachio
D:7:      layout_basic, minmay_temple_entry_enclosed_plants, enter_bailey_5,
          lemuel_flamethrower_1
D:8:      kennysheep_six_static_rooms, layout_basic, serial_shops,
          kennysheep_little_box, uniq_psyche
D:9:      layout_long_grid, mainiacjoe_overflow_alcove_2, lair_entry_dummy
Temple:   kilobyte_greek_temple

Skill      XL: |  1  2  3  4  5  6  7  8  9 |
---------------+----------------------------+-----
Dodging        | 3 4 5 8 9 |  9.1
Transmutations | 3 4 5 6 7 10 11 | 11.1
Stealth        | 1 2 3 |  3.2
Spellcasting   | 3 4 6 |  6.8
Fighting       | |  1.0
Unarmed Combat | |  3.0

Action                   |  1- 3 |  4- 6 |  7- 9 || total
-------------------------+-------+-------+-------++-------
Melee: Unarmed           |   136 |   306 |   534 ||   976
       Headbutt          |    14 |    50 |    94 ||   158
       Bite              |     7 |    26 |    53 ||    86
       Punch             |       |     1 |     5 ||     6
 Cast: Beastly Appendage |    33 |    47 |    45 ||   125
       Wereblood         |       |     1 |     3 ||     4
       Spider Form       |       |       |     4 ||     4
       Ice Form          |       |       |     5 ||     5
Evoke: Wand              |       |       |     8 ||     8
  Use: Scroll            |       |     2 |       ||     2
       Potion            |       |       |     1 ||     1
 Stab: Sleeping          |     3 |     3 |     2 ||     8
       Invisible         |       |       |     1 ||     1
Armor: Skin              |     4 |    13 |    39 ||    56
Dodge: Dodged            |    92 |   220 |   531 ||   843
